 Dungeon Crawl Stone Soup version 0.31-a0-177-g4aa6249778 (webtiles) character file.

Game seed: 16340748417088405959

106 TittyCrusher the Ruffian (level 4, -9/31 HPs)
             Began as an Octopode Fighter on June 18, 2023.
             Mangled by an ogre
             ... wielding a +0 giant club
              (22 damage)
             ... on level 4 of the Dungeon.
             The game lasted 00:03:09 (2449 turns).

TittyCrusher the Ruffian (Octopode Fighter)         Turns: 2449, Time: 00:03:10

Health: -9/31      AC:  5    Str: 17    XL:     4   Next: 84%
Magic:  4/4        EV: 13    Int: 10    God:
Gold:   148        SH:  5    Dex: 11    Spells: 3/3 levels left

rFire   . .          .
                       - Unarmed
rCold   . . .        a - +1 buckler
rNeg    . . .        (helmet restricted)
rPois   .            (no amulet)
rElec   .            k - +4 ring of protection
rCorr   .            c - ring of flight
SInv    .            v - ring of wizardry
Will    .....        (no ring)
Stlth   ++           (no ring)
HPRegen 0.25/turn    (no ring)
MPRegen 0.09/turn    (no ring)
                     (no ring)

%: wizardry (x1)
@: about to teleport, flying
A: almost no armour, amphibious, 8 rings, camouflage 1, gelatinous body 1,
(nimble swimmer 1), tentacles
a: no special abilities


You were on level 4 of the Dungeon.
You visited 1 branch of the dungeon, and saw 4 of its levels.

You collected 148 gold pieces.

Inventory:

Hand Weapons
 b - a +1 sling
Missiles
 u - 2 poisoned darts
Armour
 a - a +1 buckler (worn)
Magical Staves
 d - a staff of death
Jewellery
 c - a ring of flight (right tentacle)
 k - a +4 ring of protection (left tentacle)
 v - a ring of wizardry (on tentacle)
Wands
 w - a wand of flame (18)
Scrolls
 m - 2 scrolls of teleportation
Potions
 f - a potion of mutation {unknown}
 g - a potion of magic {unknown}
 i - 2 potions of enlightenment
 j - a potion of haste {unknown}
 n - a potion of heal wounds {unknown}
 o - a potion of ambrosia {unknown}
 t - 2 potions of lignification {unknown}
 y - a potion of might


   Skills:
 - Level 3.0 Fighting
 - Level 3.0 Dodging
 - Level 3.0 Shields
 + Level 4.9 Unarmed Combat


You had 3 spell levels left.
You didn't know any spells.
Your spell library contained the following spells:

 Spells                   Type           Power      Damage    Failure   Level
 Apportation              Tloc           0%         N/A       19%         1
 Cigotuvi's Dreadful Rot  Necr/Pois/Air  0%         N/A       28%         2
 Ignite Poison            Fire/Tmut/Pois 0%         N/A       47%         3
 Vhi's Electric Charge    Tloc/Air       0%         N/A       47%         3
 Volatile Blastmotes      Fire/Tloc      0%         2d10      47%         3
 Fulminant Prism          Conj/Hex       0%         3d5       86%         4
 Iskenderun's Mystic Bla  Conj/Tloc      0%         2d3       86%         4
 Alistair's Intoxication  Tmut/Pois      0%         N/A       99%         5
 Arcjolt                  Conj/Air       0%         1d10      99%         5
 Freezing Cloud           Conj/Ice/Air   0%         6-21      99%         5
 Lee's Rapid Deconstruct  Erth           0%         3d4*      99%         5
 Plasma Beam              Fire/Air       0%         2x1d10    100%        6


Dungeon Overview and Level Annotations

Branches:
Dungeon (4/15)
 Temple: D:4-7

Altars:

Shops:
D:1 (   D:2 [


Innate Abilities, Weirdness & Mutations

You cannot wear most types of armour.
You are amphibious.
You can wear up to eight rings at the same time.
Your skin changes colour to match your surroundings (Stealth+).
Your rubbery body absorbs attacks. (AC +1, EV +1)
((You are camouflaged when in or above water. (Stealth+)))
You have tentacles for arms and can constrict up to eight enemies at once.


Message History

The sling bullet barely misses the adder.
You shoot a sling bullet.
The sling bullet barely misses the adder.
You are now empty-tentacled.
You fly upwards.
There is a stone staircase leading down here.
There is a stone staircase leading down here.
You fly downwards.
You hear the sound of rushing water.
There is an entrance to a sewer on this level.
Hurry and find it before the portal rusts away!
Found a falchion.
There is a stone staircase leading up here.
Unknown command.
Unknown command.
Unknown command.
You hear the slow rusting of a very distant drain.
A hobgoblin comes into view. It is wielding a +0 falchion.
The hobgoblin shouts!
A hobgoblin is nearby!
An ogre comes into view. It is wielding a +0 giant club.
The hobgoblin hits you but does no damage.
You tentacle-slap the hobgoblin. You grab the hobgoblin.
The hobgoblin is moderately wounded.
You constrict the hobgoblin. The hobgoblin closely misses you.
You tentacle-slap the hobgoblin.
You kill the hobgoblin!
The ogre hits you with a +0 giant club!!
Ouch! That really hurt!
* * * LOW HITPOINT WARNING * * *
Unknown command.
Okay, then.
Okay, then.
You feel better.
Okay, then.
Unknown command.
As you read the scroll of teleportation, it crumbles to dust.
You feel strangely unstable.
The ogre hits you with a +0 giant club!!
Ouch! That really hurt!
You die...

#.< #..
.... ##
###.. ##.
# #..
#..#.####
#s.
#..#...
... #)#O#
|.. #@.#
##.###.#
#.....#
#.#####
#.## #..#
##.# #.#
#.########


You could see an ogre.

Vanquished Creatures
  A gnoll (D:1)
  2 adders (D:3)
  3 worms (D:2)
  3 dart slugs
  7 endoplasms
  3 giant cockroaches
  5 hobgoblins
  4 jackals
  3 quokkas
  6 ball pythons
  4 bats
  2 frilled lizards
  5 goblins
  6 kobolds
  6 rats
60 creatures vanquished.

Notes
Turn   | Place    | Note
-------+----------+-------------------------------------------
     0 | D:1      | TittyCrusher the Octopode Fighter began the quest for the
                  | Orb.
     0 | D:1      | Reached XP level 1. HP: 16/16 MP: 1/1
   169 | D:1      | Reached XP level 2. HP: 15/21 MP: 2/2
   238 | D:1      | Reached skill level 3 in Unarmed Combat
   245 | D:1      | Found Jelif's Antique Weapon Boutique.
   430 | D:1      | Reached XP level 3. HP: 24/26 MP: 3/3
   996 | D:2      | Found Apouwus's Antique Armour Shop.
  1003 | D:2      | Reached skill level 4 in Unarmed Combat
  1161 | D:2      | Reached XP level 4. HP: 31/31 MP: 4/4
  2403 | D:4      | Noticed a scorpion
  2445 | D:4      | Noticed an ogre
  2447 | D:4      | HP: 1/31 [ogre/+0 giant club (30)]
  2449 | D:4      | Mangled by an ogre

Illustrated notes

Levels and vault maps discovered:
D:1:      minmay_arrival_three_doors, layout_loops_corners, serial_shops,
          nicolae_shop_hallway_plus, minmay_pentomino_r2
D:2:      layout_basic, serial_shops, shop, minmay_cut_off,
          uniq_crazy_yiuf_cottage
D:3:      layout_basic
D:4:      layout_loops_ring, lemuel_coloured_pillars_altar,
          cheibrodos_sewer_entry_drain

Skill      XL: |  1  2  3 |
---------------+----------+-----
Unarmed Combat | 3 4 |  4.9
Fighting       | |  3.0
Dodging        | |  3.0
Shields        | |  3.0

Action                     |  1- 3 |  4- 6 || total
---------------------------+-------+-------++-------
  Melee: Unarmed           |    64 |    43 ||   107
         Tentacles         |    16 |     7 ||    23
         Constrict         |    18 |    10 ||    28
         Punch             |     2 |     2 ||     4
   Fire: Sling             |       |     6 ||     6
    Use: Scroll            |       |     9 ||     9
         Potion            |       |     2 ||     2
   Stab: Sleeping          |     5 |     6 ||    11
 Armour: Skin              |     8 |     7 ||    15
  Dodge: Dodged            |    27 |    22 ||    49
  Block: Buckler           |     9 |     5 ||    14

Table legend: (Time is in decaauts)
 A = Elapsed time spent in this place.
 B = Non-inter-level travel time spent in this place.
 C = Inter-level travel time spent in this place.
 D = Time resting spent in this place.
 E = Time spent auto-exploring this place.
 F = Levels seen in this place.
 G = Mean time per level.
                   A        B        C        D        E       F      G
               +--------+--------+--------+--------+--------+-----+--------+
         Total |   2443 |   2341 |    102 |    116 |   1815 |   4 |  610.8 |
       Dungeon |   2443 |   2341 |    102 |    116 |   1815 |   4 |  610.8 |
               +--------+--------+--------+--------+--------+-----+--------+

Top non-repeatable levels by time:
     D:1: 990 daAuts
     D:3: 721 daAuts
     D:2: 677 daAuts
     D:4: 53 daAuts
